 Dungeon Crawl Stone Soup version 0.20.1-1-g8b1a95d (webtiles) character file.

91 letownia2 the Grave Robber (level 4, -6/36 HPs)
             Began as a Deep Dwarf Necromancer on Nov 26, 2017.
             Mangled by Edmund
             ... wielding a +1 flail of protection
              (8 damage)
             ... on level 4 of the Dungeon.
             The game lasted 00:04:20 (1115 turns).

letownia2 the Grave Robber (Deep Dwarf Necromancer) Turns: 1115, Time: 00:04:21

Health: -6/36      AC:  5    Str: 11    XL:     4   Next: 34%
Magic:  1/8        EV: 13    Int: 17    God:
Gold:   10         SH:  0    Dex: 13    Spells: 5/9 levels left

rFire    . . .     SeeInvis .   a - +0 short sword
rCold    . . .     Gourm    .   (no shield)
rNeg     . . .     Faith    .   e - +0 ring mail
rPois    .         Spirit   .   (no helmet)
rElec    .         Reflect  .   (no cloak)
rCorr    .         Harm     .   (no gloves)
MR       .....                  (no boots)
Stlth    +.........             j - amulet of inaccuracy (curse)
Regen    0.0/turn               f - +2 ring of evasion
MPRegen  0.2/turn               (no ring)

@: very slightly contaminated, non-regenerating
A: damage resistance, heal wounds, sense surroundings 1, no regeneration
a: Heal Wounds


You were on level 4 of the Dungeon.
You were not hungry.

You visited 1 branch of the dungeon, and saw 4 of its levels.

You collected 10 gold pieces.

Inventory:

Hand Weapons
 a - a +0 short sword (weapon)
 l - a cursed +0 hand axe
Armour
 d - a cursed +0 scale mail
 e - a +0 ring mail (worn)
Jewellery
 f - a +2 ring of evasion (left hand)
 j - a cursed amulet of inaccuracy (around neck)
Scrolls
 g - a scroll of enchant armour {unknown}
 i - a scroll of remove curse {unknown}
 k - 2 scrolls of identify {unknown}
Books
 b - a book of Necromancy

   Spells                             Type                      Level
   a - Pain                           Necromancy                   1
   b - Animate Skeleton               Necromancy                   1
   c - Vampiric Draining              Necromancy                   3
   d - Regeneration                   Charms/Necromancy            3
   e - Animate Dead                   Necromancy                   4
   f - Control Undead                 Necromancy                   4
Comestibles
 c - a bread ration
 h - a royal jelly


   Skills:
 - Level 2.1 Dodging
 - Level 2.4 Stealth
 - Level 3.0 Spellcasting
 + Level 5.5 Necromancy


You had 5 spell levels left.
You knew the following spells:

 Your Spells              Type           Power        Failure   Level  Hunger
a - Pain                  Necr           ###.         4%          1    None
v - Vampiric Draining     Necr           ###.......   13%         3    ###....


Dungeon Overview and Level Annotations

Branches:
Dungeon (4/15)
 Temple: D:4-7

Altars:
Ashenzari

Annotations:
D:4 Edmund


Innate Abilities, Weirdness & Mutations

You are resistant to damage.
You can heal yourself by infusing magical energy.
You passively map a small area around you.
You do not regenerate.


Message History

Edmund hits you with a flail of protection!
* * * LOW HITPOINT WARNING * * *
Unknown command.
Edmund says, "People will remember me!
They'll remember me and die!"
Edmund barely misses you.
Casting: Vampiric Draining
Confirm with . or Enter, or press ? or * to list all spells.
Aiming: Vampiric Draining
Press: ? - help, Shift-Dir - straight line, f/p - Edmund
Aim: Edmund, wielding a flail of protection and wearing a ring mail (moderately wounded)
You miscast Vampiric Draining.
You are very lightly contaminated with residual magic.
Nothing appears to happen.
Edmund hits you with a flail of protection!
* * * LOW HITPOINT WARNING * * *
Unknown command.
Unknown command.
Unknown command.
Edmund hits you with a flail of protection!
You die...

, , #.# * * #.# ##
* * , ##.# #.. , *
...#* *... ,
#...## ... * , ,*
#.#..###.#,# ,
##.##.....#.##
####..@@.........
,
#..<..###....[...,
*#.#.......###....
, #.,#.).##### ..
, # ##### , , > *
* * * , , * **


You could see Edmund.

Vanquished Creatures
  Jessica (D:3)
  4 gnolls (D:2)
  An adder (D:2)
  A worm (D:2)
  A leopard gecko (D:1)
  A giant cockroach (D:1)
  2 goblins
  A hobgoblin (D:1)
  2 kobolds (D:1)
  A bat (D:1)
  2 frilled lizards
  2 rats
19 creatures vanquished.

Notes
Turn   | Place    | Note
-------+----------+-------------------------------------------
     0 | D:1      | letownia2 the Deep Dwarf Necromancer began the quest for the Orb.
     0 | D:1      | Reached XP level 1. HP: 15/15 MP: 3/3
   270 | D:1      | Reached XP level 2. HP: 20/22 MP: 3/5
   406 | D:3      | Noticed Jessica
   558 | D:2      | Found a shattered altar of Ashenzari.
   560 | D:2      | Reached skill level 5 in Necromancy
   610 | D:2      | Reached XP level 3. HP: 9/28 MP: 2/6
   628 | D:2      | Learned a level 3 spell: Vampiric Draining
   979 | D:3      | Killed Jessica
   979 | D:3      | Reached XP level 4. HP: 11/36 MP: 1/8
  1063 | D:4      | Noticed Edmund
  1115 | D:4      | Mangled by Edmund

Skill      XL: |  1  2  3 |
---------------+----------+-----
Spellcasting   | 2 3 |  3.0
Necromancy     | 5 |  5.5
Dodging        | |  2.1
Stealth        | |  2.4

Action                   |  1- 3 |  4- 6 || total
-------------------------+-------+-------++-------
Melee: Unarmed           |     4 |       ||     4
       Short sword       |    10 |       ||    10
 Cast: Pain              |    39 |       ||    39
       Vampiric Draining |     7 |     3 ||    10
 Stab: Sleeping          |     2 |       ||     2
  Eat: Chunk             |     1 |     1 ||     2
Armor: Robe              |     1 |       ||     1
       Ring mail         |    11 |       ||    11
Dodge: Dodged            |    22 |     1 ||    23
